 Dungeon Crawl Stone Soup version 0.28.0-53-g5a82cb258f (webtiles) character file.

Game seed: 15119449474113815480

36 MalarOregon the Grasshopper (level 3, -1/29 HPs)
             Began as a Palentonga Warper on June 16, 2022.
             Slain by Jessica
             ... wielding a +0 club
              (2 damage)
             ... on level 2 of the Dungeon.
             The game lasted 00:04:33 (1915 turns).

MalarOregon the Grasshopper (Palentonga Warper)     Turns: 1915, Time: 00:04:34

Health: -1/29      AC:  4    Str: 16    XL:     3   Next: 19%
Magic:  6/6        EV:  9    Int: 13    God:
Gold:   76         SH:  0    Dex:  9    Spells: 4/6 levels left

rFire   . . .      SeeInvis +   a - +0 whip
rCold   . . .      Faith    .   (no shield)
rNeg    . . .      Spirit   .   b - +0 leather armour
rPois   .          Reflect  .   (no helmet)
rElec   .          Harm     .   (no cloak)
rCorr   .          Rampage  .   (no gloves)
Will    .....                   (no barding)
Stlth   +.........              (no amulet)
HPRegen 0.09/turn               (no ring)
MPRegen 0.10/turn               (no ring)

@: no status effects
A: large, rugged brown scales 3, see invisible, deformed body, roll 1, armoured
tail
a: Rolling Charge


You were on level 2 of the Dungeon.
You visited 1 branch of the dungeon, and saw 2 of its levels.

You collected 76 gold pieces.


Innate Abilities, Weirdness & Mutations

You are completely covered in rugged brown scales. (AC +3, +7% HP)
You have supernaturally acute eyesight. (SInv)
Armour fits poorly on your strangely shaped body.
You can roll at nearby foes to attack.
You have a long armoured tail.


   Skills:
 + Level 2.9 Fighting
 + Level 2.9 Maces & Flails
 - Level 0.6 Throwing
 - Level 0.7 Armour
 - Level 1.5 Dodging
 - Level 2.0 Spellcasting
 - Level 3.0 Translocations


You had 4 spell levels left.
You knew the following spells:

 Your Spells              Type           Power      Damage    Failure   Level
b - Blink                 Tloc           18%        N/A       14%         2

Your spell library contained the following spells:

 Spells                   Type           Power      Damage    Failure   Level
 Gell's Gravitas          Tloc           9%         N/A       26%         3
 Lesser Beckoning         Tloc           9%         N/A       26%         3
 Teleport Other           Tloc           9%         N/A       26%         3
 Manifold Assault         Tloc           9%         N/A       94%         5
 Dispersal                Tloc           4%         N/A       100%        6

Inventory:

Hand Weapons
 a - a +0 whip (weapon)
   (You took it off a kobold on level 1 of the Dungeon)
Missiles
 d - 5 boomerangs of dispersal (quivered) {!f}
 e - 2 poisoned darts
Armour
 b - a +0 leather armour (worn)
Scrolls
 c - a scroll of blinking
 g - a scroll of fog {unknown}
 j - a scroll of amnesia {unknown}
 l - a scroll of identify {unknown}
Potions
 f - a potion of berserk rage {unknown}
 h - a potion of lignification {unknown}
 i - a potion of flight {unknown}
 k - a potion of might {unknown}

Dungeon Overview and Level Annotations

Branches:
Dungeon (2/15)

Altars:

Shops:
D:2 !

Annotations:
D:2 Jessica

##. #.. #.# #.# .
... #. ##### #r#
##.##...# #@#
########
###.......#####@#
#......##
................#
#.###.###...##
#..^........####
.#......#.....
#...........#
#.###.#.....##
#..........# #.#
#.####.##
#.......#### #.#
#.####<#
###.....#
######.###......#
#.....#
#.........#######
#...###
#.#.##.##.#


You could see Jessica (fast) and a rat.


Message History

You see here a +0 robe.
You see here a +0 dagger.
There is a stone staircase leading down here.
You climb downwards.
Found a scroll labelled PYH OHAFAICSU.
There is a stone staircase leading up here.
j - a scroll labelled PYH OHAFAICSU A ball python comes into view.
The ball python hisses angrily.
You completely miss the ball python. The ball python barely misses you.
You closely miss the ball python. The ball python closely misses you.
The ball python bites you but does no damage.
You hit the ball python.
You kill the ball python!
No target in view!
Found 12 stones and a glowing emerald potion.
Found a stone staircase leading up.
k - a glowing emerald potion
Found a scroll labelled CEUDAEPHOW.
Found Eghuhom's Distillery.
Found a stone staircase leading up.
l - a scroll labelled CEUDAEPHOW An adder comes into view.
The adder hisses angrily.
You miss the adder.
Your tail-slap misses the adder.
The adder bites you.
You hit the adder.
Your tail-slap misses the adder.
The adder barely misses you. The adder bites you but does no damage.
You miss the adder. The adder bites you but does no damage.
You closely miss the adder.
Your tail-slap misses the adder.
The adder closely misses you.
You closely miss the adder. The adder bites you but does no damage.
You hit the adder.
Your tail-slap misses the adder.
The adder bites you.
You are poisoned.
The adder poisons you!
You miss the adder. You tail-slap the adder.
You feel sick. The adder bites you but does no damage.
You miss the adder. You tail-slap the adder.
You kill the adder!
You feel sick.
You have reached level 3!
Your experience leads to an increase in your attributes!
Increase (S)trength, (I)ntelligence, or (D)exterity?
You feel stronger. x2
You feel sick.
You feel sick.
There is a stone staircase leading up here.
You start resting.
You feel sick. x2
You are no longer poisoned.
You start resting.
A gnoll is nearby!
Unknown command.
The gnoll shouts!
The gnoll throws a poisoned dart.
The poisoned dart hits you!
You are poisoned.
You climb upwards.
You feel very sick.
There is a stone staircase leading down here.
You feel sick.
You start resting.
You feel sick. x4
You are no longer poisoned.
You start resting.
There is a stone staircase leading down here.
There is a stone staircase leading down here.
You climb downwards.
There is a stone staircase leading up here.
Found 32 stones.
Found 17 gold pieces.
You now have 76 gold pieces (gained 17).
Jessica the Apprentice Sorceress comes into view.
She is wielding a +0 club and wearing a +0 robe of cold resistance.
Roll where?
Press: ? - help, Dir - move target, f - Jessica
Aim: Jessica, wielding a +0 club and wearing a +0 robe of cold resistance You roll forward with a clatter of scales!
You barely miss Jessica. Jessica closely misses you.
You barely miss Jessica. You closely miss Jessica. Jessica barely misses you.
You barely miss Jessica. Jessica hits you with a +0 club.
You hit Jessica.
Jessica casts a spell.
Jessica seems to speed up.
A rat comes into view.
You hit Jessica.
Your tail-slap misses Jessica.
Jessica casts a spell at you. Pain shoots through your body!
Jessica drinks a potion.
Jessica is healed!
You barely miss Jessica.
Your tail-slap misses Jessica.
Jessica barely misses you.
You hit Jessica.
Your tail-slap misses Jessica.
Jessica closely misses you. Jessica hits you with a +0 club.
You closely miss Jessica.
Your tail-slap misses Jessica.
Jessica hits you but does no damage.
You hit Jessica.
Jessica points at you and mumbles some strange words.
Pain shoots through your body!
* * * LOW HITPOINT WARNING * * *
You closely miss Jessica. Jessica hits you with a +0 club.
* * * LOW HITPOINT WARNING * * *
Jessica hits you with a +0 club.
You die...

Action                   || total
-------------------------++-------
Melee: Mace              ||    32
       Tailslap          ||    16
       Whip              ||    86
 Abil: Rolling Charge    ||     3
Armor: Leather armour    ||    31
Dodge: Dodged            ||    49

Levels and vault maps discovered:
D:1:      wander_arrival_lonely_grave, layout_loops_ring,
          dilly_ecumenical_altar_fadedgnrine, chequers_avenue
D:2:      layout_loops_cross, serial_shops, nicolae_shop_stone,
          nicolae_diamond_shop, uniq_jessica

Notes
Turn   | Place    | Note
-------+----------+-------------------------------------------
     0 | D:1      | MalarOregon the Palentonga Warper began the quest for the
                  | Orb.
     0 | D:1      | Reached XP level 1. HP: 17/17 MP: 3/3
   179 | D:1      | HP: 4/17 [goblin/+0 dagger (3)]
   591 | D:1      | Reached XP level 2. HP: 24/24 MP: 5/5
  1197 | D:1      | Learned a level 2 spell: Blink
  1390 | D:1      | Found a faded altar of an unknown god.
  1596 | D:2      | Found Eghuhom's Distillery.
  1615 | D:2      | Reached XP level 3. HP: 21/29 MP: 6/6
  1904 | D:2      | Noticed Jessica
  1914 | D:2      | HP: 6/29 [Jessica/nerve-wracking pain (14)]
  1915 | D:2      | HP: 1/29 [Jessica/+0 club (5)]
  1915 | D:2      | Slain by Jessica

Vanquished Creatures
  An adder (D:2)
  A giant cockroach (D:1)
  6 goblins (D:1)
  3 hobgoblins (D:1)
  3 quokkas (D:1)
  3 ball pythons
  A bat (D:1)
  2 frilled lizards (D:1)
  2 kobolds (D:1)
  6 rats (D:1)
28 creatures vanquished.

Vanquished Creatures (others)
  4 plants (D:1)
4 creatures vanquished.

Grand Total: 32 creatures vanquished

Table legend:
 A = Non-vault XP
 B = Vault XP
 C = Vault XP percentage of total XP
 D = Non-vault monster count
 E = Vault monster count
 F = Vault count percentage of total count
                 A         B        C        D         E       F
            +---------+---------+-------+---------+---------+-------
      Total |      52 |       0 |   0.0 |      28 |       0 |   0.0
            +---------+---------+-------+---------+---------+-------
        D:1 |      38 |       0 |   0.0 |      26 |       0 |   0.0
        D:2 |      14 |       0 |   0.0 |       2 |       0 |   0.0
            +---------+---------+-------+---------+---------+-------

Illustrated notes

Table legend:
 A = Kills in this place as a percentage of kills in entire the game.
 B = Kills by you in this place as a percentage of kills by you in the entire game.
 C = Kills by friends in this place as a percentage of kills by friends in the entire game.
 D = Other kills in this place as a percentage of other kills in the entire game.
 E = Experience gained in this place as a percentage of experience gained in the entire game.
 F = Experience gained in this place divided by the number of levels of this place that you have seen.
                   A       B       C       D       E      F
               +-------+-------+-------+-------+-------+----------------------
         Total | 100.0 | 100.0 |   N/A |   N/A | 100.0 |  26.0
       Dungeon | 100.0 | 100.0 |   N/A |   N/A | 100.0 |  26.0
               +-------+-------+-------+-------+-------+----------------------

Table legend: (Time is in decaauts)
 A = Elapsed time spent in this place.
 B = Non-inter-level travel time spent in this place.
 C = Inter-level travel time spent in this place.
 D = Time resting spent in this place.
 E = Time spent auto-exploring this place.
 F = Levels seen in this place.
 G = Mean time per level.
                   A        B        C        D        E       F      G
               +--------+--------+--------+--------+--------+-----+--------+
         Total |   1921 |   1792 |    129 |    212 |   1077 |   2 |  960.5 |
       Dungeon |   1921 |   1792 |    129 |    212 |   1077 |   2 |  960.5 |
               +--------+--------+--------+--------+--------+-----+--------+

Top non-repeatable levels by time:
     D:1: 1703 daAuts
     D:2: 218 daAuts
